 Dungeon Crawl Stone Soup version 0.23.2-1-ga50397a (webtiles) character file.

Game seed: 14259649693609395738

17045 sankara the Destroyer (level 12, -18/97 HPs)
             Began as a Purple Draconian Fire Elementalist on May 27, 2019.
             Was an Elder of Vehumet.
             Demolished by a sun demon (19 damage)
             ... in a volcano on May 28, 2019.
             The game lasted 01:48:13 (15850 turns).

sankara the Destroyer (DrFE)                       Turns: 15850, Time: 01:48:14

Health: -18/97     AC: 16    Str: 11    XL:     12   Next: 15%
Magic:  15/33      EV: 15    Int: 20    God:    Vehumet [****..]
Gold:   621        SH:  0    Dex: 12    Spells: 2/28 levels left

rFire    . . .     SeeInvis .   a - +6 long sword
rCold    . . .     Gourm    .   (no shield)
rNeg     + . .     Faith    .   (armour unavailable)
rPois    .         Spirit   .   (helmet restricted)
rElec    .         Reflect  .   y - +2 cloak
rCorr    .         Harm     .   p - +1 pair of gloves
MR       +....                  O - +2 pair of boots
Stlth    +++.......             (no amulet)
HPRegen  0.26/turn              V - ring of positive energy {rN+}
MPRegen  0.23/turn              J - ring of magical power {MP+9}

@: very slightly contaminated
A: breathe power, unfitting armour, cold-blooded, AC +8
a: Breathe Dispelling Energy, Renounce Religion


You were in a volcano.
You worshipped Vehumet.
Vehumet was greatly pleased with you.
You were not hungry.

You visited 3 branches of the dungeon, and saw 13 of its levels.
You also visited: Ossuary and Volcano.

You collected 621 gold pieces.

Inventory:

Hand Weapons
 a - a +6 long sword (weapon)
   (You found it on level 4 of the Dungeon)
 b - a +1 dagger of speed
   (You took it off an orc wizard on level 5 of the Dungeon)
 R - the +6 hunting sling of Royalism {venom, rF+ Dex+4}
   (You took it off a gnoll on level 8 of the Dungeon)

   It poisons the ammo it fires.
   It affects your dexterity (+4).
   It protects you from fire.
Missiles
 d - 296 stones (quivered)
 g - 15 tomahawks
 s - a throwing net {=f, !d}
 D - 35 sling bullets
 L - 10 javelins
Armour
 p - a +1 pair of gloves (worn)
   (You found it on level 3 of the Dungeon)
 y - a +2 cloak (worn)
   (You took it off Crazy Yiuf on level 5 of the Dungeon)
 O - a +2 pair of boots (worn)
   (You found it on level 2 of the Lair of Beasts)
Jewellery
 q - a +4 ring of dexterity
   (You found it on level 3 of the Dungeon)
 J - a ring of magical power (right hand) {MP+9}
   (You found it on level 7 of the Dungeon)
 V - a ring of positive energy (left hand) {rN+}
   (You found it on level 3 of the Lair of Beasts)
Wands
 h - a wand of random effects (46)
   (You found it on level 6 of the Dungeon)
 v - a wand of iceblast (21)
   (You found it on level 5 of the Dungeon)
 z - a wand of enslavement (17)
   (You found it on level 6 of the Dungeon)
 I - a wand of paralysis (6)
   (You found it on level 7 of the Dungeon)
 K - a wand of polymorph (5)
   (You found it on level 7 of the Dungeon)
Scrolls
 i - 6 scrolls of remove curse
 l - a scroll of amnesia
 r - 6 scrolls of teleportation
 F - 2 scrolls of noise {!r}
 P - a scroll of immolation {!r}
Potions
 e - 10 potions of curing
 f - 5 potions of lignification {!q}
 m - a potion of flight
 n - 2 potions of might
 o - a potion of invisibility {unknown}
 w - 3 potions of berserk rage {unknown}
 B - a potion of cancellation
 E - 3 potions of brilliance
 G - a potion of haste
 M - 2 potions of ambrosia {unknown}
 Q - 2 potions of agility
 Y - a potion of resistance
Miscellaneous
 N - a fan of gales
   (You found it on level 1 of the Lair of Beasts)
 U - a crystal ball of energy
   (You found it on level 2 of the Lair of Beasts)
Comestibles
 t - 9 rations


   Skills:
 + Level 6.4 Fighting
 - Level 7.0 Long Blades
 + Level 7.0 Dodging
 + Level 6.2 Stealth
 + Level 8.5 Spellcasting
 + Level 9.5 Conjurations
 - Level 3.0 Translocations
 - Level 8.0 Fire Magic
 - Level 5.0 Evocations


You had 2 spell levels left.
You knew the following spells:

 Your Spells              Type           Power        Failure   Level  Hunger
a - Throw Icicle          Conj/Ice       ####....     3%          4    ###....
b - Blink                 Tloc           N/A          3%          2    None
c - Conjure Flame         Conj/Fire      #####...     1%          3    None
d - Magic Dart            Conj           ####         1%          1    None
e - Sticky Flame          Conj/Fire      #####...     1%          4    ###....
f - Fireball              Conj/Fire      #####.....   1%          5    #####..
g - Orb of Destruction    Conj           #####.....   32%         7    #######

Your spell library contained the following spells:

 Spells                   Type           Power        Failure   Level  Hunger
 Lightning Bolt           Conj/Air       ####......   9%          5    #####..
 Flame Tongue             Conj/Fire      #####        1%          1    None
 Throw Flame              Conj/Fire      #####.       1%          2    None
 Call Imp                 Summ           #.......     12%         2    None
 Slow                     Hex            #.......     12%         2    None
 Inner Flame              Hex/Fire       ###.....     1%          3    None
 Mephitic Cloud           Conj/Pois/Air  ###.....     1%          3    None
 Bolt of Magma            Conj/Fire/Erth ####......   5%          5    #####..
 Iskenderun's Battlesphe  Conj/Chrm      ####....     9%          5    #####..
 Venom Bolt               Conj/Pois      ####......   9%          5    #####..
 Iron Shot                Conj/Erth      ####......   41%         6    ######.
 Spellforged Servitor     Conj/Summ      ####......   90%         7    #######


Dungeon Overview and Level Annotations

Branches:
Dungeon (8/15)             Temple (1/1) D:7            Lair (4/6) D:8
  Swamp (0/4) Lair:2        Snake (0/4) Lair:3

Altars:
Ashenzari
Cheibriados
Dithmenos
Fedhas
Gozag
Hepliaklqana
Kikubaaqudgha
Makhleb
Nemelex Xobeh
Okawaru
Qazlal
Ru
Sif Muna
Trog
Uskayaw
Vehumet
Wu Jian
Xom
Yredelemnul
The Shining One

Shops:
D:5 =


Innate Abilities, Weirdness & Mutations

You can breathe bolts of dispelling energy.
Your rich purple scales are hard. (AC +8)
You cannot fit into any form of body armour.
You are cold-blooded and may be slowed by cold attacks.


Message History

You see here a +0 trident of flaming.
You are feeling hungry.
The air gets thick with the scent of sulphur.
In the distance, the volcano erupts with a roar.
You see here a hell hound corpse.
You see here a hell hound corpse.
A sun demon comes into view.
You see here a hell hound corpse.
You see here a hell hound corpse.
You start waiting.
The air gets thick with the scent of sulphur.
In the distance, the volcano erupts with a roar.
The sun demon shouts!
The sun demon is too close now for your liking.
The molten gargoyle blasts magma at you!
The bolt of magma hits you!
Casting: Throw Icicle (safe; 3% risk of failure)
Confirm with . or Enter, or press ? or * to list all spells.
Aiming: Throw Icicle (safe; 3% risk of failure)
Press: ? - help, Shift-Dir - straight line, f - sun demon
Aim: a sun demon The shard of ice hits the sun demon!
The sun demon is frozen!
The sun demon is lightly wounded.
Casting: Throw Icicle (safe; 3% risk of failure)
Confirm with . or Enter, or press ? or * to list all spells.
Aiming: Throw Icicle (safe; 3% risk of failure)
Press: ? - help, Shift-Dir - straight line, f/p - sun demon
Aim: a sun demon (lightly wounded)
The shard of ice hits the sun demon!
The sun demon is frozen!
The sun demon is moderately wounded.
You are feeling very hungry.
The sun demon misses you.
Casting: Throw Icicle (safe; 3% risk of failure)
Confirm with . or Enter, or press ? or * to list all spells.
The spell is very dangerous to cast (32% risk of failure)!
Continue anyway?
Aiming: Orb of Destruction (very dangerous; 32% risk of failure)
Press: ? - help, Shift-Dir - straight line, f/p - sun demon
Aim: a sun demon (moderately wounded)
You miscast Orb of Destruction.
You are very lightly contaminated with residual magic.
Smoke pours from your hands!
You are near starving!
The sun demon closely misses you.
Casting: Orb of Destruction (very dangerous; 32% risk of failure)
Confirm with . or Enter, or press ? or * to list all spells.
The spell is very dangerous to cast (32% risk of failure)!
Continue anyway?
Aiming: Orb of Destruction (very dangerous; 32% risk of failure)
Press: ? - help, Shift-Dir - straight line, f/p - sun demon
Aim: a sun demon (grey smoke, moderately wounded)
The wavering orb of destruction weakly hits the sun demon!!
The sun demon is severely wounded.
You are starving!
The sun demon misses you.
The molten gargoyle blasts magma at you!
The bolt of magma hits you! The sun demon hits you!!
You are engulfed in flames!
As you read the scroll of teleportation, it crumbles to dust.
You feel strangely unstable. The molten gargoyle barely misses you.
The sun demon hits you!
* * * LOW HITPOINT WARNING * * *
You are engulfed in flames!
* * * LOW HITPOINT WARNING * * *
You don't have the energy to cast that spell.
You feel much better. The sun demon closely misses you.
You riposte.
You barely miss the sun demon.
The sun demon is severely wounded.
The molten gargoyle blasts magma at you!
The bolt of magma hits you!
* * * LOW HITPOINT WARNING * * *
You eat one of the 10 rations.
That ration really hit the spot!
Your surroundings suddenly seem different.
The sun demon is too close now for your liking.
Evoke which item? (* to show all) (? for menu, Esc to quit)
Okay, then.
Evoke which item? (* to show all) (? for menu, Esc to quit)
Aiming: Paralyse
Press: ? - help, Shift-Dir - straight line, f/p - sun demon
Aim: a sun demon (severely wounded, chance to defeat MR: 14%)
The sun demon resists with almost no effort.
The hell hound barks!
Evoke which item? (* to show all) (? for menu, Esc to quit)
Aiming: Iceblast
Press: ? - help, Shift-Dir - straight line, f/p - sun demon
Aim: a sun demon (severely wounded)
The mass of ice explodes!
The iceblast engulfs the sun demon!
The sun demon is frozen!
The sun demon is severely wounded.
The hell hound breathes flames at you. The blast of flame hits you!
* * * LOW HITPOINT WARNING * * *
Okay, then.
Okay, then.
Okay, then.
Evoke which item? (* to show all) (? for menu, Esc to quit)
Aiming: Paralyse
Press: ? - help, Shift-Dir - straight line, f/p - sun demon
Aim: a sun demon (severely wounded, chance to defeat MR: 14%)
The sun demon resists with almost no effort.
The sun demon hits you!!
You die...

##### #...# ###.#)## ####
###..###.## #..##
##..###∩##.###...#
#.###.....##.....#
#.##....###@....###
#.####∩##.3§§≈h...##
##.§§.###..≈§§≈≈....#
##...≈§...§≈≈≈≈≈≈≈..##
##...§§≈≈§≈§§§≈§§≈≈...##
###...≈§≈≈≈§≈§§§§§§≈≈§...###
.#....≈≈≈≈≈§≈§≈§§≈≈≈≈≈≈≈.§.##
.....≈≈§≈§≈≈§≈≈≈§≈§§§≈≈≈≈§..##
....≈≈≈≈≈≈≈≈≈≈§§§§≈§§≈≈§§§...###


You could see a sun demon and a hell hound.

Vanquished Creatures
  Fannar (Lair:2)
  4 hydras
  Pikel (D:6)
  An ugly thing (Volcano)
  A black mamba (Lair:2)
  7 spiny frogs
  2 komodo dragons
  A red devil (Volcano)
  Grinder (D:4)
  A hornet (D:8)
  10 hippogriffs
  Sigmund (D:6)
  4 yaks
  6 fire bats (Volcano)
  2 basilisks
  Eustachio (D:4)
  4 swamp worms (Lair:2)
  8 water moccasins
  2 hell hounds (Volcano)
  7 porcupines
  Duvessa (D:7)
  3 ice beasts
  A sky beast (D:5)
  A slave (D:6)
  An ogre (D:6)
  4 crocodiles
  2 centaurs (D:7)
  6 bullfrogs
  Dowan (D:7)
  6 howler monkeys
  A vampire bat (Lair:1)
  2 electric eels (Lair:1)
  2 centaur zombies (Ossuary)
  3 crimson imps
  6 lava snakes (Volcano)
  A quasit (D:8)
  Crazy Yiuf (D:5)
  2 jellies
  7 orc wizards
  3 orc priests
  3 hounds
  2 gnoll shamans
  A bullfrog skeleton (D:6)
  Ijyb (D:4)
  3 worker ants
  3 iguanas
  A big kobold zombie (Ossuary)
  A hound skeleton (D:4)
  6 mummies (Ossuary)
  12 gnolls
  8 adders
  A shadow imp (D:7)
  A worm (D:3)
  A dart slug (D:5)
  4 leopard geckos
  28 orcs
  9 bats
  3 giant cockroaches
  6 goblins
  5 hobgoblins
  9 jackals
  6 kobolds
  4 quokkas
  3 frilled lizards
  2 hobgoblin zombies (Ossuary)
  A jackal zombie (D:6)
  2 kobold zombies (Ossuary)
  A leopard gecko skeleton (D:4)
  A leopard gecko zombie (D:5)
  An orc zombie (Ossuary)
  A quokka skeleton (D:8)
  7 rats
256 creatures vanquished.

Vanquished Creatures (others)
  2 fungi (Lair:4)
  4 plants (Lair:4)
6 creatures vanquished.

Grand Total: 262 creatures vanquished

Notes
Turn   | Place    | Note
-------+----------+-------------------------------------------
     0 | D:1      | sankara the Draconian Fire Elementalist began the quest for
                  | the Orb.
     0 | D:1      | Reached XP level 1. HP: 14/14 MP: 3/3
   262 | D:1      | Reached XP level 2. HP: 10/20 MP: 5/5
  1400 | D:2      | Reached skill level 4 in Fire Magic
  1400 | D:2      | Reached XP level 3. HP: 26/26 MP: 4/6
  1405 | D:2      | Learned a level 3 spell: Conjure Flame
  1603 | D:2      | Reached skill level 2 in Conjurations
  2419 | D:3      | Noticed Ijyb
  2429 | D:3      | Reached XP level 4. HP: 33/33 MP: 5/7
  2685 | D:3      | Learned a level 1 spell: Magic Dart
  2688 | D:3      | Learned a level 2 spell: Blink
  3086 | D:4      | Noticed Eustachio
  3098 | D:4      | Killed Eustachio
  3098 | D:4      | Reached skill level 3 in Conjurations
  3098 | D:4      | Reached skill level 5 in Fire Magic
  3098 | D:4      | Reached XP level 5. HP: 20/38 MP: 0/8
  3135 | D:4      | HP: 8/38 [iguana (5)]
  3381 | D:4      | Found a radiant altar of Vehumet.
  3391 | D:4      | Became a worshipper of Vehumet
  3400 | D:4      | HP: 4/38 [orc priest/divine providence (14)]
  3896 | D:4      | Reached XP level 6. HP: 46/46 MP: 7/10
  3921 | D:4      | Found a deep blue altar of Sif Muna.
  3997 | D:4      | Reached skill level 2 in Dodging
  4232 | D:4      | Reached skill level 1 in Fighting
  4232 | D:4      | Reached skill level 3 in Spellcasting
  4359 | D:4      | Found a hazy altar of Hepliaklqana.
  4360 | D:4      | Found an opulent altar of Gozag.
  4528 | D:5      | Entered Level 5 of the Dungeon
  4595 | D:5      | Noticed a sky beast
  4603 | D:5      | Killed a sky beast
  4603 | D:5      | Your scales start taking on a rich purple colour.
  4603 | D:5      | Reached skill level 4 in Spellcasting
  4603 | D:5      | Reached XP level 7. HP: 37/53 MP: 6/13
  4741 | D:5      | Found Appam's Jewellery Shoppe.
  4752 | D:5      | Reached skill level 1 in Long Blades
  4753 | D:5      | Reached skill level 2 in Fighting
  4860 | D:5      | Reached skill level 4 in Conjurations
  4860 | D:5      | Reached skill level 6 in Fire Magic
  5627 | D:5      | Reached * piety under Vehumet
  5627 | D:5      | Offered knowledge of Shock by Vehumet.
  5677 | D:5      | Reached skill level 2 in Stealth
  5694 | D:5      | Learned a level 4 spell: Sticky Flame
  5879 | D:5      | Found a runed translucent door.
  5880 | D:5      | Noticed Crazy Yiuf
  5887 | D:5      | Killed Crazy Yiuf
  5928 | D:6      | Found a bloodstained altar of Trog.
  5930 | D:6      | Reached skill level 2 in Long Blades
  6040 | D:6      | Noticed Sigmund
  6050 | D:6      | Killed Sigmund
  6050 | D:6      | Reached skill level 3 in Fighting
  6100 | D:6      | Reached XP level 8. HP: 63/63 MP: 0/15
  6329 | D:6      | Reached skill level 5 in Spellcasting
  6389 | D:3      | Noticed Grinder
  6399 | D:4      | Killed Ijyb
  6399 | D:4      | Reached skill level 3 in Stealth
  6401 | D:4      | Killed Grinder
  6401 | D:4      | Reached skill level 3 in Long Blades
  6401 | D:4      | Reached skill level 5 in Conjurations
  7041 | D:6      | Noticed Pikel
  7048 | D:6      | Killed Pikel
  7048 | D:6      | Reached skill level 4 in Fighting
  7048 | D:6      | Reached skill level 4 in Long Blades
  7048 | D:6      | Reached skill level 3 in Dodging
  7048 | D:6      | Reached skill level 4 in Stealth
  7048 | D:6      | Reached XP level 9. HP: 72/72 MP: 5/16
  7250 | D:7      | Noticed Duvessa
  7251 | D:7      | Noticed Dowan
  7270 | D:7      | Killed Dowan
  7320 | D:7      | Killed Duvessa
  7714 | D:7      | Reached skill level 5 in Fighting
  7714 | D:7      | Reached skill level 6 in Conjurations
  7771 | D:7      | Found a staircase to the Ecumenical Temple.
  7797 | D:7      | Reached skill level 4 in Dodging
  7803 | Temple   | Entered the Ecumenical Temple
  8133 | D:7      | Reached skill level 5 in Stealth
  8177 | D:7      | Reached skill level 5 in Long Blades
  8190 | D:7      | Found a glowing golden altar of the Shining One.
  8628 | D:8      | Reached skill level 5 in Dodging
  8701 | D:8      | Offered knowledge of Sandblast by Vehumet.
  8719 | D:8      | Reached skill level 6 in Dodging
  8726 | D:8      | Learned a level 5 spell: Fireball
  8743 | D:8      | Found a sand-covered staircase.
  8764 | Ossuary  | Entered an ossuary
  8781 | Ossuary  | Reached ** piety under Vehumet
  9212 | D:8      | Identified the +6 hunting sling of Royalism {venom, rF+
                  | Dex+4}
  9393 | D:8      | Found a staircase to the Lair.
  9462 | D:8      | Reached XP level 10. HP: 74/81 MP: 5/17
 10026 | Lair:1   | Entered Level 1 of the Lair of Beasts
 10045 | Lair:1   | Noticed a seven-headed hydra
 10066 | Lair:1   | Killed a seven-headed hydra
 10066 | Lair:1   | Reached skill level 7 in Conjurations
 10066 | Lair:1   | Reached skill level 7 in Fire Magic
 10386 | Lair:1   | Reached skill level 6 in Spellcasting
 10562 | Lair:1   | Offered knowledge of Dazzling Spray by Vehumet.
 10645 | Lair:1   | Reached skill level 1 in Evocations
 10723 | Lair:1   | Noticed a spiny frog
 10738 | Lair:1   | Killed a spiny frog
 10758 | Lair:1   | HP: 20/81 [poisoned by a water moccasin]
 10763 | Lair:1   | HP: 19/81 [poisoned by a water moccasin]
 10770 | Lair:1   | HP: 19/81 [poisoned by a water moccasin]
 10778 | Lair:1   | HP: 19/81 [poisoned by a water moccasin]
 11209 | Lair:1   | Reached skill level 2 in Evocations
 11247 | Lair:1   | Reached *** piety under Vehumet
 11404 | Lair:1   | Noticed a spiny frog
 11421 | Lair:1   | Killed a spiny frog
 11421 | Lair:1   | Reached skill level 7 in Spellcasting
 11425 | Lair:1   | Reached skill level 8 in Conjurations
 11432 | Lair:1   | Reached skill level 8 in Fire Magic
 11432 | Lair:1   | Reached skill level 3 in Evocations
 11444 | Lair:1   | HP: 20/81 [poisoned by a spiny frog]
 11449 | Lair:1   | HP: 19/81 [poisoned by a spiny frog]
 11457 | Lair:1   | HP: 19/81 [poisoned by a spiny frog]
 11459 | Lair:1   | Noticed a spiny frog
 11737 | Lair:1   | Killed a spiny frog
 11737 | Lair:1   | Reached skill level 6 in Long Blades
 11737 | Lair:1   | Reached XP level 11. HP: 86/86 MP: 12/21
 11823 | Lair:1   | Learned a level 7 spell: Orb of Destruction
 12310 | Lair:2   | Noticed Fannar
 12321 | Lair:2   | Killed Fannar
 12321 | Lair:2   | Reached skill level 4 in Evocations
 12945 | Lair:2   | Reached skill level 7 in Long Blades
 12945 | Lair:2   | Reached skill level 5 in Evocations
 13121 | Lair:2   | Offered knowledge of Throw Icicle by Vehumet.
 13307 | Lair:2   | Reached skill level 9 in Conjurations
 13307 | Lair:2   | Reached skill level 1 in Translocations
 13319 | Lair:2   | Noticed a five-headed hydra
 13342 | Lair:2   | Killed a five-headed hydra
 13343 | Lair:2   | Noticed a seven-headed hydra
 13463 | Lair:2   | Killed a seven-headed hydra
 13463 | Lair:2   | Reached skill level 2 in Translocations
 13752 | Lair:2   | Found a staircase to the Swamp.
 14062 | Lair:3   | Found a staircase to the Snake Pit.
 14085 | Lair:3   | Reached skill level 8 in Spellcasting
 14430 | Lair:4   | Reached skill level 6 in Fighting
 14474 | Lair:4   | Noticed a seven-headed hydra
 14570 | Lair:4   | Killed a seven-headed hydra
 14575 | Lair:4   | Found a dark tunnel.
 14590 | Volcano  | Entered a volcano
 14700 | Volcano  | Learned a level 4 spell: Throw Icicle
 14885 | Volcano  | Reached XP level 12. HP: 96/96 MP: 22/24
 14914 | Volcano  | Reached **** piety under Vehumet
 15061 | Volcano  | Reached skill level 6 in Stealth
 15160 | Volcano  | Offered knowledge of Lightning Bolt by Vehumet.
 15160 | Volcano  | Reached skill level 3 in Translocations
 15595 | Volcano  | Reached skill level 7 in Dodging
 15834 | Volcano  | HP: 11/97 [sun demon (14)]
 15849 | Volcano  | HP: 1/97 [hell hound/blast of flame (14)]
 15850 | Volcano  | Demolished by a sun demon

Skill      XL: |  1  2  3  4  5  6  7  8  9 10 11 12 |
---------------+-------------------------------------+-----
Fire Magic     | 4 5 6 8 |  8.0
Conjurations   | 2 3 4 5 6 8 9 |  9.5
Dodging        | 2 3 6 7 |  7.0
Fighting       | 1 3 4 5 6 |  6.4
Spellcasting   | 4 5 7 8 |  8.5
Long Blades    | 2 4 5 6 7 |  7.0
Stealth        | 2 4 5 6 |  6.2
Evocations     | 3 5 |  5.0
Translocations | 2 3 |  3.0

Action                   |  1- 3 |  4- 6 |  7- 9 | 10-12 || total
-------------------------+-------+-------+-------+-------++-------
Melee: Whip              |    30 |       |       |       ||    30
       Tailslap          |     4 |       |     6 |    12 ||    22
       Dagger            |    21 |     4 |     4 |    16 ||    45
       Long sword        |       |       |    51 |    71 ||   122
Throw: Tomahawk          |       |       |     6 |       ||     6
       Stone             |       |       |       |     2 ||     2
 Cast: Flame Tongue      |    43 |    81 |   217 |    32 ||   373
       Magic Dart        |       |     5 |    11 |    13 ||    29
       Blink             |       |     1 |     1 |     3 ||     5
       Conjure Flame     |       |       |    15 |       ||    15
       Sticky Flame      |       |       |    17 |    58 ||    75
       Fireball          |       |       |     2 |    34 ||    36
       Throw Icicle      |       |       |       |    40 ||    40
       Orb of Destructio |       |       |       |     2 ||     2
 Abil: Breathe Dispellin |       |       |     4 |       ||     4
Evoke: Wand              |       |       |       |     7 ||     7
  Use: Scroll            |       |       |     8 |    18 ||    26
       Potion            |       |       |       |     1 ||     1
 Stab: Sleeping          |     2 |     2 |     3 |     6 ||    13
       Distracted        |       |       |     1 |       ||     1
       Paralysed         |       |       |       |     2 ||     2
  Eat: Chunk             |     5 |     4 |    20 |    27 ||    56
       Ration            |       |     1 |       |     5 ||     6
Armor: Skin              |    14 |    11 |    57 |    70 ||   152
Dodge: Dodged            |    36 |    23 |   117 |   199 ||   375
       Rpst.: Long sword |       |     2 |    35 |    47 ||    84

Levels and vault maps discovered:
D:1:      wander_arrival_peaceful_grave, layout_basic, hangedman_decor_points
D:2:      layout_basic
D:3:      layout_basic, uniq_ijyb, uniq_grinder
D:4:      layout_cave_pools, tgw_sif, gammafunk_temple_overflow_statue,
          vehumet_crystals, uniq_eustachio
D:5:      layout_loops_corners, first_ration, serial_shops, shop,
          kennysheep_path_1, uniq_crazy_yiuf_cottage
D:6:      layout_loops_cross, bloody_trog, uniq_sigmund, uniq_pikel
D:7:      layout_basic, minmay_temple_entry_slanted, david_defended_altar_elf,
          uniq_duvessa
D:8:      layout_loops_ring, lair_entry_dummy, nicolae_ossuary_entry_plus
Temple:   dpeg_chambers_temple
Lair:1:   layout_chaotic_city, serial_bayou_lagoon_a, roderic_batcave,
          st_stairs_8, serial_bayou_shore_a, serial_bayou_shore_b
Lair:2:   layout_chaotic_city, palyth_hydra_swamp_entry, uniq_fannar
Lair:3:   layout_big_grid, dummy_snake_entry
Lair:4:   layout_regular_city, nicolae_volcano_entry_s_turn,
          minmay_lair_oklob_chamber
Ossuary:  ossuary_crypta
Volcano:  volcano_grotto [vgs_many_chambers]

Table legend:
 A = Turns spent in this place as a percentage of turns spent in the entire game.
 B = Non-inter-level travel turns spent in this place as a percentage of non-inter-level travel turns spent in the entire game.
 C = Inter-level travel turns spent in this place as a percentage of turns spent in this place.
 D = Turns resting spent in this place as a percentage of non-inter-level travel turns spent in this place.
 E = Turns spent auto-exploring this place as a percentage of non-inter-level travel turns spent in this place.
 F = Non-inter-level travel turns spent in this place divided by the number of levels of this place that you've seen.
                   A       B       C       D       E      F
               +-------+-------+-------+-------+-------+----------------------
         Total | 100.0 | 100.0 |   4.7 |  38.9 |  42.6 | 1007.2
       Dungeon |  60.6 |  60.1 |   5.4 |  30.9 |  51.5 | 1134.8
        Temple |   1.5 |   1.4 |   9.2 |   0.0 |  98.1 | 216.0
          Lair |  27.3 |  27.3 |   4.6 |  49.1 |  31.7 | 1031.5
       Ossuary |   2.7 |   2.8 |   0.0 |  49.8 |  20.8 | 428.0
       Volcano |   7.9 |   8.3 |   0.0 |  66.7 |  11.7 | 1260.0
               +-------+-------+-------+-------+-------+----------------------

Table legend:
 A = Kills in this place as a percentage of kills in entire the game.
 B = Kills by you in this place as a percentage of kills by you in the entire game.
 C = Kills by friends in this place as a percentage of kills by friends in the entire game.
 D = Other kills in this place as a percentage of other kills in the entire game.
 E = Experience gained in this place as a percentage of experience gained in the entire game.
 F = Experience gained in this place divided by the number of levels of this place that you have seen.
                   A       B       C       D       E      F
               +-------+-------+-------+-------+-------+----------------------
         Total | 100.0 | 100.0 |   N/A |   N/A | 100.0 | 1623.4
       Dungeon |  63.5 |  63.5 |   N/A |   N/A |  22.6 | 688.6
          Lair |  24.7 |  24.7 |   N/A |   N/A |  66.0 | 4017.2
       Ossuary |   5.5 |   5.5 |   N/A |   N/A |   1.0 | 232.0
       Volcano |   6.3 |   6.3 |   N/A |   N/A |  10.4 | 2541.0
               +-------+-------+-------+-------+-------+----------------------
